 Dungeon Crawl Stone Soup version 0.19-a0-1218-gcd7aee6 (webtiles) character file.

1311 MrRokkomies the Fighter (level 8, -1/89 HPs)
             Began as a Troll Hunter on Aug 24, 2016.
             Slain by a steam dragon (4 damage)
             ... on level 5 of the Dungeon.
             The game lasted 00:09:45 (4396 turns).

MrRokkomies the Fighter (Troll Hunter)              Turns: 4396, Time: 00:09:46

Health: -1/89      AC:  6    Str: 20 (21) XL:     8   Next: 32%
Magic:  7/7        EV: 15    Int:  4 (7)  God:
Gold:   216        SH:  0    Dex: 14 (17) Spells: 0 memorised, 7 levels left

rFire  + . .     SeeInvis .     (no weapon)
rCold  + . .     Gourm    +     b - +1 robe
rNeg   + . .     Faith    .     (no shield)
rPois  +         Spirit   .     (helmet restricted)
rElec  +         Dismiss  .     (no cloak)
rCorr  +         Reflect  .     (gloves unavailable)
MR     .....     Harm     .     (boots unavailable)
Stlth  ++........               (no amulet)
                                m - ring of positive energy
                                k - ring of poison resistance

@: agile, resistant, very slightly contaminated, hasted, very quick
A: unfitting armour, claws 3, fast metabolism 3, gourmand, regeneration 1,
shaggy fur 1, tough skin 2
a: no special abilities


You were on level 5 of the Dungeon.
You were hungry.

You visited 1 branch of the dungeon, and saw 5 of its levels.

You collected 216 gold pieces.

Inventory:

Hand Weapons
 s - a +1 blowgun
Missiles
 c - 5 large rocks
 d - 2 throwing nets
 l - 200 stones
 p - 5 tomahawks
 v - 32 poisoned needles
 C - 4 javelins (quivered)
Armour
 b - a +1 robe (worn)
Jewellery
 k - a ring of poison resistance (left claw)
 m - a ring of positive energy (right claw)
Wands
 w - a wand of flame (16/48)
Scrolls
 h - a scroll of fog
 u - 5 scrolls of remove curse
 A - a scroll of amnesia
 B - a scroll of enchant armour
Potions
 a - a potion of flight
 i - 2 potions of lignification
 j - 2 potions of brilliance
 n - a potion of agility
 q - a potion of haste
 D - a potion of magic
Comestibles
 f - 5 bread rations
 x - a meat ration


   Skills:
 * Level 8.6 Fighting
   Level 0.5 Short Blades
 - Level 3.6 Throwing
 - Level 1.5 Dodging
 - Level 0.4 Stealth


You had 7 spell levels left.
You didn't know any spells.

Dungeon Overview and Level Annotations

Branches:
Dungeon (5/15)
 Temple: D:4-7

Altars:
Cheibriados
Hepliaklqana
Nemelex Xobeh
The Shining One


Innate Abilities, Weirdness & Mutations

You are too large for most types of armour.
You have claws for hands.
Your metabolism is lightning-fast.
You like to eat raw meat.
Your natural rate of healing is unusually fast.
You are covered in fur. (AC +1)
You have very tough skin. (AC +2)


Message History

The ball of steam misses you.
Press: ? - help, v - describe, . - travel The floor, spattered with blood.
Unknown command.
You barely miss the steam dragon.
The steam dragon is heavily wounded.
The fungus is engulfed in a cloud of scalding steam.
The fungus is destroyed!
The fungus is engulfed in a cloud of scalding steam.
You barely miss the steam dragon.
The steam dragon is heavily wounded.
The fungus is engulfed in a cloud of scalding steam.
The steam dragon bites you but does no damage.
The steam dragon misses you.
You barely miss the steam dragon.
The steam dragon is heavily wounded.
The steam dragon bites you.
* * * LOW HITPOINT WARNING * * *
The steam dragon claws you.
You die...

####.## ## # # # ### #
###PP### #####
#.≈≈...####### ###.≈..
##P...P^.§§≈P≈#######.(P≈≈.
#^.......§@§§....P≈P..≈^PP.
#.....P≈.D§P§PP.P..........
#......P#########≈P≈..≈^PP.
##.≈≈.≈## #.########...
##P..# #.# #### ####
###.### ## #.....# ##.
#.#.#.# #.. #.#.#.# ##.


You could see a steam dragon.

Vanquished Creatures
  Pikel (D:4)
  A steam dragon (D:5)
  Menkaure (D:4)
  A slave (D:4)
  An ogre (D:4)
  A centaur (D:5)
  A scorpion (D:5)
  2 howler monkeys
  3 crimson imps
  An orc priest (D:4)
  A worker ant (D:5)
  6 adders
  A shadow imp (D:5)
  2 oozes
  A worm (D:2)
  3 dart slugs
  4 giant geckos
  9 orcs
  6 giant cockroaches
  9 goblins
  6 hobgoblins
  5 jackals
  5 kobolds
  A quokka (D:3)
  2 ball pythons
  5 bats
  2 giant newts
  6 rats
87 creatures vanquished.

Vanquished Creatures (others)
  2 fungi (D:5)
2 creatures vanquished.

Grand Total: 89 creatures vanquished

Notes
Turn   | Place    | Note
-------+----------+-------------------------------------------
     0 | D:1      | MrRokkomies the Troll Hunter began the quest for the Orb.
     0 | D:1      | Reached XP level 1. HP: 19/19 MP: 0/0
    64 | D:1      | Reached skill level 2 in Fighting
    64 | D:1      | Reached XP level 2. HP: 28/28 MP: 1/1
  1086 | D:2      | Reached XP level 3. HP: 36/36 MP: 2/2
  1101 | D:2      | Found a hazy altar of Hepliaklqana.
  1103 | D:2      | Found a sparkling altar of Nemelex Xobeh.
  1277 | D:2      | Reached skill level 3 in Fighting
  1965 | D:3      | Reached XP level 4. HP: 45/45 MP: 3/3
  2525 | D:3      | Reached skill level 4 in Fighting
  2617 | D:3      | Reached XP level 5. HP: 54/55 MP: 4/4
  2787 | D:4      | Noticed Menkaure
  2800 | D:4      | Killed Menkaure
  2800 | D:4      | Reached skill level 5 in Fighting
  2800 | D:4      | Reached XP level 6. HP: 14/66 MP: 5/5
  3113 | D:4      | Noticed Pikel
  3113 | D:4      | Noticed a slave
  3113 | D:4      | Noticed a slave
  3114 | D:4      | Noticed a slave
  3117 | D:4      | Noticed a slave
  3120 | D:4      | Killed a slave
  3144 | D:4      | Killed Pikel
  3144 | D:4      | Reached skill level 7 in Fighting
  3144 | D:4      | Reached XP level 7. HP: 31/78 MP: 6/6
  3859 | D:5      | Entered Level 5 of the Dungeon
  3931 | D:5      | Found a glowing golden altar of the Shining One.
  4063 | D:5      | Reached skill level 8 in Fighting
  4063 | D:5      | Reached XP level 8. HP: 28/88 MP: 7/7
  4219 | D:5      | Found a snail-covered altar of Cheibriados.
  4396 | D:5      | HP: 3/89 [steam dragon (6)]
  4396 | D:5      | Slain by a steam dragon

Vault maps used:
D:1:      lightli_arrival_chessboard
D:2:      grunt_temple_overflow_open, kennysheep_cluttered_room
D:3:      first_bread, hangedman_feature_mirror
D:4:      minivault_26, amethyst_killhole, uniq_pikel, uniq_menkaure
D:5:      kennysheep_steamy, bloody_trog, lemuel_round_altar,
          old_standard_altar, vehumet_altar_wand_db

Skill      XL: |  1  2  3  4  5  6  7 |
---------------+----------------------+-----
Fighting       | 2 3 4 5 7 8 |  8.6
Short Blades   | |  0.5
Throwing       | |  3.6
Dodging        | |  1.5
Stealth        | |  0.4

Action                   |  1- 3 |  4- 6 |  7- 9 || total
-------------------------+-------+-------+-------++-------
Melee: Short sword       |     4 |       |       ||     4
       Unarmed           |   107 |   168 |   102 ||   377
Evoke: Wand              |       |     4 |       ||     4
  Use: Scroll            |     8 |     2 |     7 ||    17
       Potion            |       |     1 |     7 ||     8
 Stab: Sleeping          |     1 |       |     1 ||     2
  Eat: Chunk             |    11 |    16 |     7 ||    34
       Pizza             |     1 |       |       ||     1
       Beef jerky        |     1 |       |       ||     1
Armor: Robe              |    38 |    36 |    41 ||   115
       Skin              |       |     6 |       ||     6
Dodge: Dodged            |    58 |    73 |    59 ||   190
